 Dungeon Crawl Stone Soup version 0.31-a0-988-g08d55dae12 (webtiles) character file.

Game seed: 4873326945962825685

95 Conn the Sneak (level 4, -1/27 HPs)
             Began as an Octopode Fire Elementalist on Nov 4, 2023.
             Slain by an ice beast (4 damage)
             ... on level 3 of the Dungeon.
             The game lasted 00:04:12 (2193 turns).

Conn the Sneak (Octopode Fire Elementalist)         Turns: 2193, Time: 00:04:13

Health: -1/27      AC:  1    Str:  6    XL:     4   Next: 66%
Magic:  3/7        EV: 14    Int: 18    God:
Gold:   159        SH:  0    Dex: 16    Spells: 2/8 levels left

rFire   . . .        b - +0 dagger
rCold   . . .        (no shield)
rNeg    + . .        (helmet restricted)
rPois   .            (no amulet)
rElec   .            g - ring of see invisible
rCorr   .            m - ring of positive energy
SInv    +            (no ring)
Will    .....        (no ring)
Stlth   ++++         (no ring)
HPRegen 0.24/turn    (no ring)
MPRegen 0.10/turn    (no ring)
                     (no ring)

%: no passive effects
@: no status effects
A: almost no armour, amphibious, 8 rings, camouflage 1, gelatinous body 1,
(nimble swimmer 1), tentacles, agile 1, subdued magic 1
a: no special abilities


You were on level 3 of the Dungeon.
You visited 1 branch of the dungeon, and saw 3 of its levels.

You collected 159 gold pieces.

Inventory:

Hand Weapons
 b - a +0 dagger (weapon)
Jewellery
 g - a ring of see invisible (left tentacle)
 m - a ring of positive energy (right tentacle)
Scrolls
 d - a scroll of teleportation {unknown}
 e - 2 scrolls of revelation {unknown}
 h - a scroll of enchant armour {unknown}
 i - 3 scrolls of enchant weapon {unknown}
 l - a scroll of identify {unknown}
Potions
 a - a potion of magic
 f - a potion of brilliance {unknown}
 j - a potion of heal wounds {unknown}
 k - a potion of invisibility {unknown}


   Skills:
 + Level 2.7 Dodging
 + Level 3.7 Stealth
 + Level 2.5 Spellcasting
 + Level 2.0 Conjurations
 + Level 3.5 Fire Magic


You had 2 spell levels left.
You knew the following spells:

 Your Spells              Type           Power      Damage    Failure   Level
a - Foxfire               Conj/Fire      36%        2x1d5     4%          1
b - Scorch                Fire           22%        2d5       4%          2
c - Inner Flame           Hex/Fire       6%         N/A       21%         3

Your spell library contained the following spells:

 Spells                   Type           Power      Damage    Failure   Level
 Freeze                   Ice            4%         1d3       14%         1
 Volatile Blastmotes      Fire/Tloc      12%        2d11      21%         3
 Hailstorm                Conj/Ice       4%         3d4       30%         3
 Frozen Ramparts          Ice            2%         1d1       41%         3
 Flame Wave               Conj/Fire      9%         2d6       43%         4


Dungeon Overview and Level Annotations

Branches:
Dungeon (3/15)

Altars:
Gozag

Shops:
D:3 [


Innate Abilities, Weirdness & Mutations

You cannot wear most types of armour.
You are amphibious.
You can wear up to eight rings at the same time.
Your skin changes colour to match your surroundings (Stealth+).
Your rubbery body absorbs attacks. (AC +1, EV +1)
((You are camouflaged when in or above water. (Stealth+)))
You have tentacles for arms and can constrict up to eight enemies at once.
You are agile. (Dex +4, Str/Int -1)
Your spells are a little easier to cast, but a little less powerful.


Message History

Your foxfire dissipates! x2
You now have 145 gold pieces (gained 12).
You open the door.
There is an open door here.
You now have 159 gold pieces (gained 14).
Found a scale mail.
There is an open door here.
Found a dagger.
You open the door.
An ice beast comes into view.
Found a short sword.
Found a glowing red potion and 9 gold pieces.
There is an open door here.
A jackal and an endoplasm come into view.
The helpless ice beast fails to defend itself.
You puncture the ice beast! Your squeeze misses the ice beast.
The ice beast is moderately wounded.
The ice beast closely misses you.
There is an open door here.
Casting: Foxfire (safe; 4% risk of failure)
Confirm with . or Enter, or press ? or * to list all spells.
Flames lash the ice beast.
The ice beast melts!
The ice beast is heavily wounded.
The ice beast's fire resistance burns away.
You hear a bark!
The ice beast hits you. The ice beast freezes you!
Casting: Scorch (safe; 5% risk of failure)
Confirm with . or Enter, or press ? or * to list all spells.
Flames lash the endoplasm.
You kill the endoplasm!
The ice beast hits you. The ice beast freezes you!
Ouch! That really hurt!
* * * LOW HITPOINT WARNING * * *
Okay, then.
Unknown command.
Unknown command.
It was a potion of mutation.
You feel extremely strange.
Your connection to magic feels subdued.
You feel agile. The ice beast hits you.
You die...

.8......#....#...........#
........##..###...########
...........## ##..##
............#.#....########
.........#.##.##.#.......)#
........####...####..####.#
.......##$...!..h)##.#
........####h..#Y##..#
.........#.##.##@#..##
#'##........#.#.....#
...........## ##....#
#.######.#..###..#### #.#
#.....#..## #.# #####...##
#.# ##### ..#### ........


You could see an ice beast (combustible) and a jackal.

Vanquished Creatures
  A jelly (D:2)
  An adder (D:2)
  A gnoll (D:1)
  2 worms (D:2)
  A dart slug (D:2)
  5 ball pythons
  2 bats
  6 endoplasms
  A hobgoblin (D:2)
  5 jackals
  A quokka (D:2)
  2 frilled lizards (D:1)
  2 goblins
  5 kobolds
  4 rats (D:2)
39 creatures vanquished.

Vanquished Creatures (others)
  125 foxfires
125 creatures vanquished.

Grand Total: 164 creatures vanquished

Notes
Turn   | Place    | Note
-------+----------+-------------------------------------------
     0 | D:1      | Conn the Octopode Fire Elementalist began the quest for the
                  | Orb.
     0 | D:1      | Reached XP level 1. HP: 11/11 MP: 3/3
    81 | D:1      | Reached XP level 2. HP: 17/17 MP: 0/5
   166 | D:1      | Learned a level 2 spell: Scorch
   360 | D:1      | You fall into a shaft and drop 1 floor!
   768 | D:1      | Reached XP level 3. HP: 21/21 MP: 2/6
   772 | D:1      | Learned a level 3 spell: Inner Flame
  1608 | D:2      | Reached XP level 4. HP: 27/27 MP: 0/7
  1928 | D:3      | Found Cozathua's Antique Armour Boutique.
  2005 | D:3      | Found an opulent altar of Gozag.
  2010 | D:3      | Found an opulent altar of Gozag.
  2010 | D:3      | Found an opulent altar of Gozag.
  2018 | D:3      | Found an opulent altar of Gozag.
  2185 | D:3      | Noticed an ice beast
  2193 | D:3      | Gained mutation: Your spells are a little easier to cast,
                  | but a little less powerful. [potion of mutation]
  2193 | D:3      | Gained mutation: You are agile. (Dex +4, Str/Int -1)
                  | [potion of mutation]
  2193 | D:3      | Slain by an ice beast

Illustrated notes

Levels and vault maps discovered:
D:1:      dpeg_arrival_another_circle, layout_loops_cross
D:2:      layout_rooms, mrwooster_statue_mirror
D:3:      layout_basic, nicolae_gozag_conspicuous_consumption,
          gammafunk_ghost_grave, serial_shops, nicolae_diamond_shop,
          ebering_ecumenical_altar_ruins, minmay_misc_feat_ornament,
          kennysheep_minor_cross, minmay_fractal_squares_gapless_5

Skill      XL: |  1  2  3  4 |
---------------+-------------+-----
Stealth        | 3 |  3.7
Conjurations   | 2 |  2.0
Dodging        | |  2.7
Spellcasting   | |  2.5
Fire Magic     | |  3.5

Action                     |  1- 3 |  4- 6 || total
---------------------------+-------+-------++-------
  Melee: Dagger            |     9 |     8 ||    17
         Tentacles         |     2 |     2 ||     4
         Constrict         |     2 |     2 ||     4
   Cast: Foxfire           |    60 |    11 ||    71
         Scorch            |     1 |     2 ||     3
    Use: Potion            |       |     1 ||     1
   Stab: Sleeping          |     2 |     1 ||     3
 Armour: Skin              |     4 |    10 ||    14
  Dodge: Dodged            |    12 |    10 ||    22

Table legend: (Time is in decaauts)
 A = Elapsed time spent in this place.
 B = Non-inter-level travel time spent in this place.
 C = Inter-level travel time spent in this place.
 D = Time resting spent in this place.
 E = Time spent auto-exploring this place.
 F = Levels seen in this place.
 G = Mean time per level.
                   A        B        C        D        E       F      G
               +--------+--------+--------+--------+--------+-----+--------+
         Total |   2191 |   2153 |     38 |      0 |   1699 |   3 |  730.3 |
       Dungeon |   2191 |   2153 |     38 |      0 |   1699 |   3 |  730.3 |
               +--------+--------+--------+--------+--------+-----+--------+

Top non-repeatable levels by time:
     D:1: 991 daAuts
     D:2: 856 daAuts
     D:3: 343 daAuts
